 Dungeon Crawl Stone Soup version 0.30.1-11-g7821555f0a (webtiles) character file.

Game seed: 17185682728982810110

3301 Peloso the Carver (level 9, 0/79 HPs)
             Began as a Minotaur Fighter on Dec 15, 2023.
             Was an Initiate of Okawaru.
             Constricted to death by Joseph (2 damage)
             ... on level 8 of the Dungeon.
             The game lasted 00:16:01 (7915 turns).

Peloso the Carver (Minotaur Fighter)                Turns: 7915, Time: 00:16:03

Health: 0/79       AC: 16    Str: 21    XL:     9   Next: 70%
Magic:  8/8        EV:  4    Int:  5    God:    Okawaru [......]
Gold:   639        SH:  5    Dex: 14    Spells: 8/8 levels left

rFire   . . .        a - +1 long sword (flame)
rCold   . . .        d - +0 buckler
rNeg    . . .        m - +1 plate armour
rPois   .            (helmet restricted)
rElec   .            y - +0 cloak
rCorr   .            (no gloves)
SInv    .            (no boots)
Will    .....        (no amulet) Stlth
                     (no ring)
HPRegen 0.33/turn    (no ring)
MPRegen 0.11/turn

%: no passive effects
@: mighty, grasped by roots, constricted
A: horns 2, retaliatory headbutt
a: Renounce Religion


You were on level 8 of the Dungeon.
You worshipped Okawaru.
Okawaru was noncommittal.
You visited 2 branches of the dungeon, and saw 9 of its levels.
You also visited: Sewer and Ossuary.

You collected 639 gold pieces.

Inventory:

Hand Weapons
 a - a +1 long sword of flaming (weapon)
 b - the +8 dagger of Gozag's Vengeance {flame, Fly rPois rC- SInv}
   (You found it on level 5 of the Dungeon)

   rC:        It makes you vulnerable to cold.
   rPois:     It protects you from poison.
   SInv:      It lets you see invisible.
   Fly:       It grants you flight.
 I - the +4 mace "Arumyfo" {flame, +Blink rElec rC+ Str-2}
   (You took it off an orc on level 8 of the Dungeon)

   Str:       It affects your strength (-2).
   rC:        It protects you from cold.
   rElec:     It insulates you from electricity.
   +Blink:    It lets you blink.
Missiles
 u - 2 throwing nets (quivered)
Armour
 c - a +0 pair of boots
 d - a +0 buckler (worn)
 m - a +1 plate armour (worn)
 y - a +0 cloak (worn)
Jewellery
 e - a ring of ice
 j - a ring of wizardry
 k - a ring of fire
 t - a +5 ring of evasion
 F - a ring of flight
 G - a ring of protection from cold
 H - an amulet of the acrobat
Wands
 x - a wand of flame (26)
 z - a wand of mindburst (9)
 D - a wand of paralysis (16)
Scrolls
 g - 2 scrolls of brand weapon
 h - a scroll of enchant weapon
 p - a scroll of fog
 q - 2 scrolls of teleportation
 r - a scroll of poison
 s - a scroll of enchant armour
 v - 2 scrolls of immolation
 C - a scroll of blinking
 E - a scroll of fear
Potions
 i - a potion of might
 l - a potion of magic
 n - 2 potions of heal wounds
 o - 5 potions of curing
 w - 2 potions of cancellation
 A - 3 potions of haste
 B - a potion of invisibility


   Skills:
 + Level 7.2 Fighting
 + Level 11.2 Long Blades
 + Level 9.7 Armour
 + Level 1.5 Dodging
 + Level 0.6 Stealth
 + Level 6.1 Shields


You had 8 spell levels left.
You didn't know any spells.
Your spell library contained the following spells:

 Spells                   Type           Power      Damage    Failure   Level
 Beastly Appendage        Tmut           0%         N/A       100%        1
 Magic Dart               Conj           0%         1d3       100%        1
 Necrotise                Necr           0%         1d4       100%        1
 Sandblast                Erth           0%         2d4       100%        1
 Passwall                 Tmut/Erth      0%         N/A       100%        2
 Searing Ray              Conj           0%         2d4       100%        2
 Wereblood                Tmut           0%         N/A       100%        2
 Gell's Gravitas          Tloc           0%         N/A       100%        3
 Spider Form              Tmut/Pois      0%         N/A       100%        3
 Stone Arrow              Conj/Erth      0%         3d7       100%        3
 Teleport Other           Tloc           0%         N/A       100%        3
 Vampiric Draining        Necr           0%         2d6       100%        3
 Fulminant Prism          Conj/Hex       0%         3d5       100%        4
 Agony                    Necr           0%         N/A       100%        5
 Dispersal                Tloc           0%         N/A       100%        6


Dungeon Overview and Level Annotations

Branches:
Dungeon (8/15)             Temple (1/1) D:6           Sewer (visited)
Ossuary (visited)
   Lair: D:8-11

Altars:
Ashenzari
Cheibriados
Elyvilon
Fedhas
Gozag
Hepliaklqana
Kikubaaqudgha
Makhleb
Okawaru
Qazlal
Ru
Sif Muna
Uskayaw
Vehumet
Xom
Yredelemnul
Zin

Shops:
D:1 (   D:7 (*

Annotations:
D:8 Joseph


Innate Abilities, Weirdness & Mutations

You have a pair of horns on your head.
You reflexively headbutt those who attack you in melee.


Message History

You kill the black bear!
Okawaru accepts your kill. The grasping roots constrict you.
The grasping roots release their grip on you.
You block the kobold's attack.
You hit the kobold but do no damage. You block the kobold's attack.
You hit the kobold. You burn the kobold.
You kill the kobold!
Okawaru accepts your kill.
Joseph says, "It's nothing personal, but I have to kill you."
Joseph shoots a sling bullet.
The sling bullet hits you!
Joseph zaps a wand.
The roots erupt in riotous growth!
The grasping roots grab you!
Joseph is unaffected.
The grasping roots constrict you.
Things that are here:
a +0 short sword; 4 poisoned darts; a kobold corpse You slash Joseph!
You burn Joseph. You headbutt Joseph, but do no damage.
Joseph is lightly wounded.
Joseph unwields a +0 sling.
Joseph wields a +0 quarterstaff of distortion.
Its appearance distorts for a moment.
Joseph hits you but does no damage. The grasping roots constrict you.
You closely miss Joseph.
Joseph is lightly wounded.
A kobold comes into view. It is wielding a +0 whip.
You hit Joseph. You burn Joseph.
Joseph is moderately wounded.
Joseph hits you with a +0 quarterstaff of distortion.
Space warps horribly around you!
* * * LOW HITPOINT WARNING * * *
The grasping roots constrict you.
* * * LOW HITPOINT WARNING * * *
You slice Joseph!! You burn Joseph!
Joseph is almost dead.
Joseph hits you with a +0 quarterstaff of distortion.
* * * LOW HITPOINT WARNING * * *
Space warps around you.
* * * LOW HITPOINT WARNING * * *
The grasping roots constrict you.
You die...

....###########
#.# #.#
....#############
#.# #.#
............####.#
#.#
.............†...#
...
..........<.######
... ............#
#######.##### #.#
#@# #######@##
.........#
.........#
.........#
.........#######
.......K........
................
................


You could see Joseph and a kobold.

Vanquished Creatures
  Prince Ribbit (D:7)
  Sigmund (D:6)
  Menkaure (D:7)
  2 water moccasins
  An acid dragon (D:6)
  3 orc warriors
  2 black bears
  A sky beast (D:6)
  3 ogres (D:7)
  2 phantoms (D:5)
  2 kobold brigands (D:8)
  Blork the orc (D:4)
  2 water moccasin zombies (Ossuary)
  2 bullfrogs
  A gnoll sergeant (D:7)
  3 scorpions
  2 hounds
  3 jellies
  5 orc priests
  2 gnoll boudas
  2 iguanas
  3 orc wizards
  2 mummies (Ossuary)
  Robin (D:4)
  15 gnolls
  2 adders
  A shadow imp (D:6)
  2 white imps
  8 adder zombies (Ossuary)
  2 worms
  4 dart slugs
  15 orcs
  11 ball pythons
  10 endoplasms
  2 giant cockroaches (D:6)
  3 gnoll zombies (Ossuary)
  18 goblins
  5 hobgoblins
  9 jackals
  3 quokkas
  2 bats
  3 frilled lizards
  3 hobgoblin zombies (Ossuary)
  19 kobolds
  6 kobold zombies
  7 orc zombies (Ossuary)
  5 rats
203 creatures vanquished.

Notes
Turn   | Place    | Note
-------+----------+-------------------------------------------
     0 | D:1      | Peloso the Minotaur Fighter began the quest for the Orb.
     0 | D:1      | Reached XP level 1. HP: 19/19 MP: 0/0
   170 | D:1      | Reached XP level 2. HP: 27/27 MP: 1/1
   321 | D:1      | Noticed a +0 giant club
   323 | D:1      | Found Haomotzi's Weapon Boutique.
   326 | D:1      | Noticed a +0 giant club
   517 | D:1      | Reached skill level 3 in Long Blades
   613 | D:2      | Reached XP level 3. HP: 33/33 MP: 2/2
   797 | D:2      | Found a radiant altar of Vehumet.
  1158 | D:3      | Found a hazy altar of Hepliaklqana.
  1213 | D:3      | Noticed a bullfrog
  1219 | D:3      | Killed a bullfrog
  1220 | D:3      | Reached skill level 4 in Long Blades
  1220 | D:3      | Reached XP level 4. HP: 41/41 MP: 3/3
  1454 | D:3      | Reached XP level 5. HP: 46/47 MP: 4/4
  1957 | D:4      | Found a shimmering blue altar of Sif Muna.
  2010 | D:4      | Reached skill level 5 in Long Blades
  2010 | D:4      | Reached skill level 5 in Armour
  2010 | D:4      | Reached XP level 6. HP: 46/55 MP: 5/5
  2077 | D:4      | Noticed Robin
  2095 | D:4      | Killed Robin
  2096 | D:4      | Reached skill level 5 in Fighting
  2172 | D:4      | Found a shimmering altar of Xom.
  2189 | D:4      | Noticed Blork the orc
  2203 | D:4      | Killed Blork the orc
  2204 | D:4      | Reached skill level 1 in Dodging
  2474 | D:4      | Reached skill level 6 in Long Blades
  2687 | D:4      | Reached XP level 7. HP: 56/61 MP: 6/6
  2845 | D:5      | Entered Level 5 of the Dungeon
  3062 | D:5      | Reached skill level 7 in Long Blades
  3076 | D:5      | HP: 3/61 [gnoll/+0 halberd[a gnoll bouda] (9)]
  3282 | D:5      | Reached skill level 5 in Shields
  3345 | D:5      | Identified the +8 dagger of Gozag's Vengeance {flame, Fly
                  | rPois rC- SInv}
  3930 | D:6      | Found a staircase to the Ecumenical Temple.
  4025 | D:6      | Found a glowing drain.
  4046 | Sewer    | Entered a sewer
  4096 | Sewer    | Reached XP level 8. HP: 27/70 MP: 7/7
  4216 | D:6      | Noticed Sigmund
  4235 | D:6      | Killed Sigmund
  4360 | D:6      | Found a sand-covered staircase.
  4372 | Ossuary  | Entered an ossuary
  4417 | Ossuary  | Reached skill level 8 in Long Blades
  4817 | D:6      | Reached skill level 9 in Long Blades
  4838 | Temple   | Entered the Ecumenical Temple
  5393 | D:6      | Found a sacrificial altar of Ru.
  6119 | D:7      | Reached skill level 10 in Long Blades
  6119 | D:7      | Reached XP level 9. HP: 50/78 MP: 8/8
  6709 | D:7      | Noticed Menkaure
  6715 | D:7      | Killed Menkaure
  6840 | D:7      | Noticed Prince Ribbit
  6849 | D:7      | Killed Prince Ribbit
  6968 | D:7      | Found Rompets's Weapon Emporium.
  7149 | D:7      | Found Penusov's Assorted Antiques.
  7210 | D:7      | Found a white marble altar of Elyvilon.
  7468 | D:7      | Found an iron altar of Okawaru.
  7489 | D:7      | Became a worshipper of Warmaster Okawaru
  7662 | D:8      | Paralysed by a kobold for 2 turns
  7675 | D:8      | Identified the +4 mace "Arumyfo" {flame, +Blink rElec rC+
                  | Str-2}
  7690 | D:8      | Reached skill level 11 in Long Blades
  7888 | D:8      | Noticed Joseph
  7915 | D:8      | HP: 2/79 [Joseph/+0 quarterstaff of distortion (3)]
  7915 | D:8      | Constricted to death by Joseph

Illustrated notes

Levels and vault maps discovered:
D:1:      evilmike_arrival_plus, layout_rooms, serial_shops,
          nicolae_shop_mannequins, corner_web_ring
D:2:      layout_rooms, basic_altar
D:3:      layout_rooms, mainiacjoe_overflow_brackets
D:4:      layout_gridville, amcnicky_altar_gilded,
          mainiacjoe_overflow_small_starburst, uniq_robin, uniq_blork_the_orc
D:5:      layout_basic
D:6:      layout_basic, nicolae_ru_awakened_eye, minmay_temple_entry_junction,
          serial_corexii_hall, corexii_hall_statues_deadend,
          corexii_hall_statues_deadend, portal_sewer_entry_e, enter_ossuary_3,
          uniq_sigmund
D:7:      layout_gridville, elyvilon_altar_1, marbit_many_paths, serial_shops,
          shop_fountains, minmay_shop_grid_forest, uniq_prince_ribbit1,
          uniq_menkaure
D:8:      layout_basic, tso_altar, minivault_26, uniq_joseph
Temple:   minmay_temple_curvy_loop

Skill      XL: |  1  2  3  4  5  6  7  8  9 |
---------------+----------------------------+-----
Armour         | 4 5 6 8 9 |  9.7
Long Blades    | 3 4 5 6 7 10 11 | 11.2
Fighting       | 4 5 6 7 |  7.2
Shields        | 4 5 6 |  6.1
Dodging        | 1 |  1.5
Stealth        | |  0.6

Action                     |  1- 3 |  4- 6 |  7- 9 || total
---------------------------+-------+-------+-------++-------
  Melee: Long sword        |    87 |   119 |   419 ||   625
         Headbutt          |     9 |    22 |    72 ||   103
  Evoke: Wand              |       |       |     3 ||     3
    Use: Potion            |     5 |       |     5 ||    10
         Scroll            |       |       |    17 ||    17
 Armour: Scale mail        |    49 |       |       ||    49
         Plate armour      |    13 |    93 |   313 ||   419
  Dodge: Dodged            |    44 |    38 |   121 ||   203
  Block: Buckler           |    19 |    37 |   110 ||   166
